 Dungeon Crawl Stone Soup version 0.22-a0-433-gd2a9cce (webtiles) character file.

4640 galech the Basher (level 10, -10/160 HPs)
             Began as an Ogre Berserker on May 28, 2018.
             Was a Priest of Trog.
             Mangled by a death yak (19 damage)
             ... on level 9 of the Dungeon.
             The game lasted 00:12:14 (7939 turns).

galech the Basher (Ogre Berserker)                  Turns: 7939, Time: 00:12:16

Health: -10/160    AC:  5    Str: 31    XL:     10   Next: 43%
Magic:  10/10      EV: 11    Int:  8    God:    Trog [***...]
Gold:   422        SH: 10    Dex: 10    Spells: 9/9 levels left

rFire    . . .     SeeInvis .   N - +2 morningstar
rCold    . . .     Gourm    .   b - +0 shield
rNeg     + . .     Faith    .   E - +1 robe "Nimysow" {MR+ Dex+2}
rPois    .         Spirit   .   (helmet restricted)
rElec    .         Reflect  .   l - +0 cloak
rCorr    .         Harm     .   (gloves unavailable)
MR       ++++.     Rnd*Tele +   (boots unavailable)
Stlth    ..........             m - amulet of regeneration
HPRegen  1.76/turn              f - ring of teleportation (curse)
MPRegen  0.12/turn              y - ring of positive energy (curse)

@: berserking (expiring), regenerating, very quick
A: large, unfitting armour, tough skin 1
a: Berserk, Trog's Hand, Renounce Religion


You were on level 9 of the Dungeon.
You worshipped Trog.
Trog was most pleased with you.
You were hungry.

You visited 1 branch of the dungeon, and saw 10 of its levels.

You collected 422 gold pieces.

Inventory:

Hand Weapons
 a - a +0 mace
 M - a +2 flail
 N - a +2 morningstar (weapon)
Armour
 b - a +0 shield (worn)
 l - a +0 cloak (worn)
 n - a +2 robe
 E - the +1 robe "Nimysow" (worn) {MR+ Dex+2}
   (You found it on level 6 of the Dungeon)

   It affects your dexterity (+2).
   It affects your resistance to hostile enchantments.
 O - a +0 robe of cold resistance
Magical Staves
 q - an uncursed staff of air
Jewellery
 d - an uncursed ring of magical power
 f - a cursed ring of teleportation (left hand)
 m - an amulet of regeneration (around neck)
 o - an uncursed ring of protection from cold
 p - an uncursed amulet of magic regeneration {unknown}
 t - an uncursed ring of magical power
 y - a cursed ring of positive energy (right hand)
 C - an uncursed ring of protection from fire {unknown}
 D - an uncursed ring of fire {unknown}
 G - an uncursed ring of magical power
 K - an uncursed ring of ice {unknown}
Wands
 s - a wand of digging (10)
 v - a wand of iceblast (4)
 A - a wand of paralysis (20)
 J - a wand of disintegration (14)
Scrolls
 g - 7 scrolls of teleportation
 j - a scroll of fear
 k - 2 scrolls of enchant weapon
 r - a scroll of magic mapping
 w - 2 scrolls of noise
 I - a scroll of identify
Potions
 e - a potion of lignification
 h - 2 potions of might
 i - 2 potions of brilliance
 u - 2 potions of resistance
 z - a potion of mutation {unknown}
 B - a potion of curing {unknown}
 F - a potion of haste {unknown}
 H - 2 potions of cancellation {unknown}
 L - a potion of invisibility {unknown}
 P - 2 potions of heal wounds {unknown}
Comestibles
 c - 16 rations


   Skills:
 + Level 9.1 Fighting
 + Level 9.5 Maces & Flails
 + Level 6.8 Dodging
 + Level 2.7 Stealth
 + Level 4.6 Shields


You had 9 spell levels left.
You didn't know any spells.
Your spell library was empty.

Dungeon Overview and Level Annotations

Branches:
Dungeon (10/15)            Temple (0/1) D:6            Lair (0/6) D:10
    Orc: D:9-12

Altars:
Cheibriados
Makhleb
Nemelex Xobeh
Okawaru
Qazlal
Ru
Uskayaw
Xom
Yredelemnul
Zin


Innate Abilities, Weirdness & Mutations

You are too large for most types of armour.
You have tough skin. (AC +1)


Message History

You puncture the death yak!
You kill the death yak!
Trog accepts your kill.
Your Fighting skill increases to level 9!
You thump the death yak!
The death yak is moderately wounded.
You puncture the death yak!
The death yak is heavily wounded.
The death yak gores you!
* * * LOW HITPOINT WARNING * * *
You completely miss the death yak.
The death yak is heavily wounded.
The death yak gores you!!
* * * LOW HITPOINT WARNING * * *
You puncture the death yak!
The death yak is heavily wounded.
You puncture the death yak!
The death yak is severely wounded.
The death yak gores you!!
You die...

#..### ###############.#.#.#
.....# #.............#.#.#.#
.#.#.# #.###########.#.#.#.#
.#.#.# #.### #.....#.#.#.#.#
##.#.###...# #.###.#.#.#.#.#
#.#...###.###.#...#.#.#.#.######
#.#[#.#...##......#.#.#.........
#.#.#.#.####..#####...###.######
##.#.#...####...@Y.........####
#
...###........######......#...#
# ####
#............####.##.#.#.### #
#........###.# #....#.#.... #
#.≈≈.....# #.# ######.#....
######.≈...>..#
#.#####.....##.##
#.............# #.....#.#....#.#
#.............# #####.#.#.#....#
#.............# #.#.#.#..###


You could see a death yak.

Vanquished Creatures
  2 death yaks (D:9)
  A troll (D:9)
  The ghost of Mgcat the Cleaver, an amateur HOBe of Trog (D:5)
  A hippogriff (D:9)
  Sigmund (D:2)
  Menkaure (D:4)
  A water moccasin (D:9)
  2 ice beasts
  2 sky beasts
  3 ogres (D:7)
  3 centaurs
  3 bullfrogs
  A gnoll sergeant (D:7)
  3 scorpions
  3 wights (D:8)
  A howler monkey (D:8)
  3 crimson imps
  2 centaur zombies (D:7)
  A jelly (D:8)
  A hound (D:8)
  2 orc priests (D:6)
  A bullfrog skeleton (D:6)
  2 orc wizards
  2 centaur skeletons
  3 iguanas
  8 worker ants
  A hound zombie (D:6)
  A hound skeleton (D:7)
  9 adders
  5 gnolls (D:7)
  3 shadow imps
  An adder zombie (D:9)
  An adder skeleton (D:6)
  2 worms
  2 dart slugs
  4 leopard geckos
  9 orcs
  9 giant cockroaches
  9 goblins
  13 hobgoblins
  8 jackals
  2 quokkas (D:4)
  A ball python skeleton (D:4)
  8 bats
  6 frilled lizards
  5 kobolds
  4 rats
157 creatures vanquished.

Notes
Turn   | Place    | Note
-------+----------+-------------------------------------------
     0 | D:1      | galech the Ogre Berserker began the quest for the Orb.
     0 | D:1      | Reached XP level 1. HP: 24/24 MP: 1/1
   110 | D:1      | Reached XP level 2. HP: 21/32 MP: 2/2
   515 | D:1      | Reached XP level 3. HP: 29/40 MP: 3/3
   990 | D:2      | Reached ** piety under Trog
  1027 | D:2      | Found a faded altar of an unknown god.
  1366 | D:2      | Noticed Sigmund
  1378 | D:2      | Killed Sigmund
  1378 | D:2      | Reached skill level 5 in Fighting
  1378 | D:2      | Reached XP level 4. HP: 50/50 MP: 4/4
  1378 | D:2      | Reached XP level 5. HP: 57/57 MP: 5/5
  1467 | D:2      | Reached XP level 6. HP: 56/66 MP: 6/6
  1627 | D:2      | Found an iron altar of Okawaru.
  1882 | D:3      | Found a stormy altar of Qazlal.
  2333 | D:3      | Found a faded altar of an unknown god.
  2333 | D:3      | Found a snail-covered altar of Cheibriados.
  2338 | D:3      | Found a hide-covered altar of Uskayaw.
  2342 | D:3      | Found a faded altar of an unknown god.
  2343 | D:3      | Found a glowing silver altar of Zin.
  2697 | D:4      | Noticed Menkaure
  2709 | D:4      | Killed Menkaure
  2709 | D:4      | Reached skill level 5 in Maces & Flails
  2709 | D:4      | Reached skill level 1 in Stealth
  2709 | D:4      | Reached XP level 7. HP: 57/72 MP: 7/7
  3130 | D:5      | Entered Level 5 of the Dungeon
  3485 | D:5      | Noticed Mgcat's ghost (amateur HOBe)
  3643 | D:5      | Reached skill level 1 in Shields
  3826 | D:5      | Killed Mgcat's ghost
  3826 | D:5      | Reached XP level 8. HP: 76/83 MP: 8/8
  4004 | D:5      | Reached skill level 5 in Dodging
  4154 | D:6      | Got a distressingly furry robe
  4165 | D:6      | Identified the +1 robe "Nimysow" {MR+ Dex+2} (You found it on level 6 of the Dungeon)
  4295 | D:6      | Reached *** piety under Trog
  4334 | D:6      | Found a staircase to the Ecumenical Temple.
  5376 | D:7      | Reached XP level 9. HP: 93/93 MP: 9/9
  6981 | D:9      | Noticed a troll
  6993 | D:9      | Killed a troll
  7326 | D:9      | Found a sacrificial altar of Ru.
  7326 | D:9      | Found a shimmering altar of Xom.
  7327 | D:9      | Found a sparkling altar of Nemelex Xobeh.
  7328 | D:9      | Found a basalt altar of Yredelemnul.
  7333 | D:9      | Reached XP level 10. HP: 105/106 MP: 10/10
  7381 | D:9      | Found a burning altar of Makhleb.
  7729 | D:10     | Entered Level 10 of the Dungeon
  7739 | D:10     | Noticed a death yak
  7742 | D:10     | Noticed a death yak
  7743 | D:10     | Found a staircase to the Lair.
  7743 | D:10     | Noticed a death yak
  7743 | D:10     | Noticed a death yak
  7743 | D:10     | Noticed a death yak
  7744 | D:10     | Noticed a death yak
  7744 | D:10     | Noticed a death yak
  7764 | D:9      | Killed a death yak
  7865 | D:9      | HP: 5/106 [death yak (19)]
  7934 | D:9      | Killed a death yak
  7937 | D:9      | HP: 6/160 [death yak (23)]
  7939 | D:9      | Mangled by a death yak

Vault maps used:
D:1:      dpeg_chamrin_arrival_tetris, serial_curves, eino_curves_04,
          eino_curves_02, minmay_octomino_j4
D:2:      chequers_ecumenical_altar_island, okawaru_metal_pillars_1_2,
          uniq_sigmund
D:3:      nicolae_qazlal_eye_of_the_storm, chequers_temple_overflow_minitemple
D:4:      kennysheep_generic_room_3, uniq_menkaure
D:5:      first_ration
D:6:      minmay_temple_entry_hall
D:9:      grunt_temple_overflow_open, basic_altar
D:10:     dpeg_lair_monsters, minmay_orc_entry_temple_small

Skill      XL: |  1  2  3  4  5  6  7  8  9 10 |
---------------+-------------------------------+-----
Dodging        | 3 4 5 6 |  6.8
Maces & Flails | 3 4 5 6 7 8 9 |  9.5
Fighting       | 5 6 7 8 9 |  9.1
Stealth        | 1 2 |  2.7
Shields        | 1 2 4 |  4.6

Action                   |  1- 3 |  4- 6 |  7- 9 | 10-12 || total
-------------------------+-------+-------+-------+-------++-------
Melee: Mace              |   165 |    90 |   416 |       ||   671
       Morningstar       |       |       |    72 |    26 ||    98
Invok: Trog's Hand       |     1 |     1 |     6 |     3 ||    11
       Berserk           |     1 |     1 |     5 |     2 ||     9
  Use: Scroll            |       |       |    11 |     1 ||    12
 Stab: Sleeping          |       |       |     6 |       ||     6
  Eat: Chunk             |     2 |     5 |    17 |     1 ||    25
       Ration            |       |       |     2 |     1 ||     3
Armor: Animal skin       |    80 |       |       |       ||    80
       Robe              |       |    43 |   126 |     4 ||   173
Dodge: Dodged            |   117 |    54 |   214 |     5 ||   390
Block: Shield            |       |    16 |   222 |     8 ||   246

Table legend:
 A = Spawn XP
 B = Non-spawn XP
 C = Spawn XP percentage of total XP
 D = Spawn monster count
 E = Non-spawn monster count
 F = Spawn count percentage of total count
 G = Total turns spent on level
                    A         B        C        D         E        F      G
               +---------+---------+-------+---------+---------+-------+---------
         Total |       0 |    6629 |   0.0 |       0 |     157 |   0.0 |  7939
               +---------+---------+-------+---------+---------+-------+---------
           D:1 |       0 |      60 |   0.0 |       0 |      28 |   0.0 |   968
           D:2 |       0 |     260 |   0.0 |       0 |      20 |   0.0 |   752
           D:3 |       0 |      30 |   0.0 |       0 |      15 |   0.0 |   738
           D:4 |       0 |     397 |   0.0 |       0 |      17 |   0.0 |   672
           D:5 |       0 |     644 |   0.0 |       0 |       8 |   0.0 |   940
           D:6 |       0 |     499 |   0.0 |       0 |      15 |   0.0 |   829
           D:7 |       0 |    1188 |   0.0 |       0 |      27 |   0.0 |  1330
           D:8 |       0 |     797 |   0.0 |       0 |      14 |   0.0 |   605
           D:9 |       0 |    2688 |   0.0 |       0 |      12 |   0.0 |  1074
          D:10 |       0 |      66 |   0.0 |       0 |       1 |   0.0 |    31
               +---------+---------+-------+---------+---------+-------+---------
